 Dungeon Crawl Stone Soup version bcrawl-1.31.3 (webtiles) character file.

Game seed: 6372985869540476766

135147 Morbidden the Sneak (level 3, -2/39 HPs)
             Began as an Ent Sloth Apostle on May 21, 2021.
             Was a Follower of Cheibriados.
             Slain by a scorpion (5 damage)
             ... on level 2 of the Dungeon.
             The game lasted 00:01:06 (773 turns).

Morbidden the Sneak (Ent Sloth Apostle)              Turns: 773, Time: 00:01:07

Health: -2/39      AC: 10    Str: 22    XL:     3   Next: 17%
Magic:  4/4        EV:  6    Int: 14    God:    Cheibriados [*.....]
Gold:   60         SH:  8    Dex: 11    Spells: 3/4 levels left

rFire    . . .     SeeInvis .   f - +1 whip (flame)
rCold    . . .     Gourm    .   b - +0 medium shield
rNeg     + + +     Faith    .   (armour unavailable)
rPois    +         Spirit   .   (helmet restricted)
rElec    .         Reflect  .   (no cloak)
rCorr    .         Harm     .   (gloves unavailable)
MR       .....                  (boots unavailable)
Stlth    ++........             (no amulet)
HPRegen  0.13/turn              (no ring)
MPRegen  0.09/turn              (no ring)

@: very slow
A: large, slow actions, passwall, strong branches, negative energy resistance 3,
poison resistance, slow metabolism 1, torment resistance, unbreathing, AC +10
a: Passwall, Bend Time, Renounce Religion


You were on level 2 of the Dungeon.
You worshipped Cheibriados.
Cheibriados was aware of your devotion.
You were hungry.

You visited 1 branch of the dungeon, and saw 2 of its levels.

You collected 60 gold pieces.

Inventory:

Hand Weapons
 f - a +1 whip of flaming (weapon)
Armour
 b - a +0 medium shield (worn)
Wands
 c - a wand of paralysis (10)
Scrolls
 a - a scroll of magic mapping {unknown}
 g - a scroll of teleportation {unknown}
 i - 2 scrolls of identify
Potions
 h - a potion of berserk rage {unknown}
Comestibles
 e - 2 rations {!d}


   Skills:
 + Level 2.4 Fighting
 + Level 3.2 Maces & Flails
 + Level 0.3 Dodging
 + Level 4.0 Stealth
 + Level 2.0 Shields
 + Level 1.2 Spellcasting
 + Level 2.0 Hexes
 * Level 0.3 Invocations
 + Level 0.8 Evocations


You had 3 spell levels left.
You knew the following spells:

 Your Spells              Type           Power        Failure   Level  Hunger
a - Slow                  Hex            #.......     58%         1    None
Your spell library was empty.

Dungeon Overview and Level Annotations

Branches:
Dungeon (2/12)

Altars:


Innate Abilities, Weirdness & Mutations

You move and act slowly.
You can pass through walls and trees.
Your branches can wield two-handed weapons with a shield.
Your thick bark is tough. (AC +10)
You are too large for most types of armour.
You are immune to negative energy. (rN+++)
Your system is resistant to poisons. (rPois)
You have a slow metabolism.
You are immune to unholy pain and torment.
You can survive without breathing.


Message History

The scorpion is severely wounded.
The scorpion barely misses you. The scorpion stings you.
* * * LOW HITPOINT WARNING * * *
Your shield prevents you from hitting the scorpion.
The scorpion is severely wounded.
You block the scorpion's attack.
You hit the scorpion. You burn the scorpion.
The scorpion is almost dead.
You block the scorpion's attack. The scorpion stings you.
* * * LOW HITPOINT WARNING * * *
You closely miss the scorpion.
The scorpion is almost dead.
You block the scorpion's attack.
No path to travel!
You closely miss the scorpion.
The scorpion is almost dead.
The scorpion stings you.
* * * LOW HITPOINT WARNING * * *
The scorpion stings you.
You die...

.....#<# #.# #...# .#.#
##.#####.# #.#########
#......## ##........#
######.##.###..######.#
...........(#......###.##
#######.###)............#
#.##...##.##.###..#
........#@##.# #
##.##....#s##.###..
#.###.#........... #.#
#.###....###.. .r #.#
###..# #.# .... .≈≈b.
.≈≈...P ..P.♣♣)


You could see a scorpion.

Vanquished Creatures
  2 dart slugs
  An orc (D:2)
  2 bats
  A giant cockroach (D:1)
  5 hobgoblins
  A ball python (D:1)
  4 frilled lizards
  3 goblins (D:1)
  7 kobolds
  3 rats (D:1)
29 creatures vanquished.

Notes
Turn   | Place    | Note
-------+----------+-------------------------------------------
     0 | D:1      | Morbidden the Ent Sloth Apostle began the quest for the
                  | Orb.
     0 | D:1      | Reached XP level 1. HP: 22/22 MP: 2/2
   166 | D:1      | Reached XP level 2. HP: 25/32 MP: 3/3
   321 | D:1      | Reached skill level 4 in Stealth
   710 | D:2      | Reached * piety under Cheibriados
   718 | D:2      | Reached XP level 3. HP: 37/39 MP: 4/4
   739 | D:2      | Noticed a scorpion
   773 | D:2      | Slain by a scorpion

Skill      XL: |  1  2 |
---------------+-------+-----
Stealth        | 4 |  4.0
Maces & Flails | 3 |  3.2
Shields        | 2 |  2.0
Fighting       | |  2.4
Dodging        | |  0.3
Spellcasting   | |  1.2
Hexes          | |  2.0
Invocations    | |  0.3
Evocations     | |  0.8

Action                   || total
-------------------------++-------
Melee: Mace              ||    29
       Whip              ||   102
 Stab: Sleeping          ||     3
  Eat: Chunk             ||     3
Armor: Skin              ||    90
Dodge: Dodged            ||    41
Block: Medium shield     ||    70
